 Dungeon Crawl Stone Soup version 0.23-a0-299-g9a66eeb (webtiles) character file.

34 iamserjio the Chucker (level 3, 0/18 HPs)
             Began as a Vine Stalker Hunter on Oct 6, 2018.
             Slain by a hobgoblin
             ... wielding a +0 club
              (1 damage)
             ... on level 2 of the Dungeon.
             The game lasted 00:03:37 (516 turns).

iamserjio the Chucker (Vine Stalker Hunter)          Turns: 516, Time: 00:03:37

Health: 0/18       AC:  3    Str: 14    XL:     3   Next: 31%
Magic:  0/4        EV: 12    Int: 12    God:
Gold:   71         SH:  0    Dex: 14    Spells: 2/2 levels left

rFire    . . .     SeeInvis .   a - +0 short sword
rCold    . . .     Gourm    .   (no shield)
rNeg     . . .     Faith    .   b - +0 leather armour
rPois    .         Spirit   +   (no helmet)
rElec    .         Reflect  .   (no cloak)
rCorr    .         Harm     .   (no gloves)
MR       .....                  (no boots)
Stlth    ++........             (no amulet)
HPRegen  0.06/turn              (no ring)
MPRegen  0.09/turn              (no ring)

@: no status effects
A: fangs 2, magic shield, antimagic bite, no potion heal 3, rot immunity
a: no special abilities


You were on level 2 of the Dungeon.
You were not hungry.

You visited 1 branch of the dungeon, and saw 2 of its levels.

You collected 71 gold pieces.

Inventory:

Hand Weapons
 a - a +0 short sword (weapon)
 m - a +0 short sword of speed
 o - a cursed -3 short sword
 p - a cursed -3 hand axe
Missiles
 c - 6 javelins
 d - a throwing net (quivered) {!f}
 i - 22 stones
Armour
 b - a +0 leather armour (worn)
 h - a +0 chain mail
Jewellery
 j - a cursed ring of teleportation {unknown}
Scrolls
 g - a scroll of fear {unknown}
Potions
 e - 2 potions of curing {unknown}
 k - a potion of cancellation {unknown}
 l - a potion of lignification {unknown}
Comestibles
 f - 3 rations
 n - 2 chunks of flesh


   Skills:
 - Level 2.0 Fighting
 - Level 3.6 Throwing
 - Level 1.5 Dodging
 - Level 1.2 Stealth
 * Level 2.6 Unarmed Combat


You had 2 spell levels left.
You didn't know any spells.
Your spell library was empty.

Dungeon Overview and Level Annotations

Branches:
Dungeon (2/15)

Altars:


Innate Abilities, Weirdness & Mutations

You have extremely sharp teeth.
When hurt, damage is shared between your health and your magic reserves.
Your bite disrupts and absorbs the magic of your enemies.
Potions cannot restore your health.
You are immune to rotting.


Message History

The jackal closely misses you.
The jackal bites you but does no damage.
Okay, then.
You hit the jackal.
You kill the jackal!
A hobgoblin comes into view. It is wielding a club.
The hobgoblin shouts!
Things that are here:
a scroll labeled KAOCEACIUG; a jackal corpse x2
You see here a stone.
You see here a giant cockroach corpse.
Quiver which item? (- for none, * to show all) (? for menu, Esc to quit)
Quivering
d - 2 throwing nets {!f} for throwing.
Throwing (i - inventory. (/) - cycle)
d - 2 throwing nets (quivered)
{!f}
Aim: a hobgoblin, wielding a club Really fire
d - 2 throwing nets {!f}?
You throw a throwing net {!f}.
The throwing net {!f} barely misses the hobgoblin.
The hobgoblin hits you with a club.
You die...

#?..#..# #.##...
#...#..# #.##...
...#..# #(##...
#####..#..# ###)##...
......#..######........
#...#................
#?#.######.........
#g#.# #.......#. #.@.#
#.......#. #...#
#.......#. #...#
#.......#. #.#>(
.....###.... #.####
###### #.... ..# #....
#### #.... #.... #...รท


You could see a hobgoblin.

Vanquished Creatures
  A dart slug (D:1)
  A ball python (D:2)
  A giant cockroach (D:2)
  5 goblins
  4 hobgoblins
  4 jackals (D:2)
  4 kobolds (D:2)
  3 bats
  2 frilled lizards (D:2)
  A rat (D:2)
26 creatures vanquished.

Notes
Turn   | Place    | Note
-------+----------+-------------------------------------------
     0 | D:1      | iamserjio the Vine Stalker Hunter began the quest for the
                  | Orb.
     0 | D:1      | Reached XP level 1. HP: 11/11 MP: 2/2
   107 | D:1      | Reached skill level 1 in Unarmed Combat
   228 | D:1      | Reached XP level 2. HP: 14/15 MP: 3/3
   419 | D:2      | Reached XP level 3. HP: 4/18 MP: 0/4
   516 | D:2      | Slain by a hobgoblin

Vault maps used:
D:1:      eino_arrival_tree_alley, serial_glass, glass_columns_a,
          glass_columns_a, glass_columns_b, glass_columns_b, glass_columns_c,
          glass_columns_b, glass_columns_b, glass_columns_a, item_on_display_a,
          feat_on_display, feat_on_display, minmay_misc_feat_rows,
          chequers_big_river, minmay_tromino_mix6

Skill      XL: |  1  2 |
---------------+-------+-----
Unarmed Combat | 1 2 |  2.6
Fighting       | 2 |  2.0
Throwing       | |  3.6
Dodging        | |  1.5
Stealth        | |  1.2

Action                   || total
-------------------------++-------
Melee: Short sword       ||    95
       Bite              ||    18
Throw: Javelin           ||     1
       Throwing net      ||     1
 Stab: Sleeping          ||     1
Armor: Leather armour    ||    24
Dodge: Dodged            ||    80

Table legend:
 A = Non-vault XP
 B = Vault XP
 C = Vault XP percentage of total XP
 D = Non-vault monster count
 E = Vault monster count
 F = Vault count percentage of total count
                 A         B        C        D         E       F
            +---------+---------+-------+---------+---------+-------
      Total |      49 |       0 |   0.0 |      26 |       0 |   0.0
            +---------+---------+-------+---------+---------+-------
        D:1 |      11 |       0 |   0.0 |       5 |       0 |   0.0
        D:2 |      38 |       0 |   0.0 |      21 |       0 |   0.0
            +---------+---------+-------+---------+---------+-------
